 Dungeon Crawl Stone Soup version 0.31.0-11-ge490571c62 (webtiles) character file.

Game seed: 16735143961270765229

383 ClF3Spritzer the Sneak (level 6, -2/30 HPs)
             Began as a Felid Ice Elementalist on Feb 2, 2024.
             Slain by Edmund
             ... wielding a +3 flail of protection
              (8 damage)
             ... on level 4 of the Dungeon.
             The game lasted 00:51:25 (2534 turns).

ClF3Spritzer the Sneak (Felid Ice Elementalist)     Turns: 2534, Time: 00:51:28

Health: -2/30      AC:  2    Str:  4    XL:     6   Next: 47%
Magic:  8/11       EV: 19    Int: 21    God:
Gold:   151        SH:  0    Dex: 16    Spells: 4/11 levels left
                                        Lives:  0   Deaths: 2

rFire   . .          .
                       - Unarmed
rCold   . . .        (shield unavailable)
rNeg    . . .        (body armour unavailable)
rPois   .            (helmet unavailable)
rElec   .            (cloak unavailable)
rCorr   .            (gloves unavailable)
SInv    +            (boots unavailable)
Will    .....        (no amulet)
Stlth   +++          (no ring)
HPRegen 0.25/turn    (no ring)
MPRegen 0.12/turn

%: no passive effects
@: very slightly contaminated
A: very small, claws 1, fangs 3, see invisible, shaggy fur 2, stealthy paws, no
weapons or thrown items, no armour, multi-lived
a: no special abilities


You were on level 4 of the Dungeon.
You visited 1 branch of the dungeon, and saw 4 of its levels.

You collected 151 gold pieces.

Inventory:

Talismans
 b - a blade talisman
Wands
 q - a wand of iceblast (10)
Scrolls
 d - a scroll of poison {unknown}
 e - 3 scrolls of identify {unknown}
 f - a scroll of teleportation {unknown}
 h - 3 scrolls of vulnerability {unknown}
 i - a scroll of enchant armour {unknown}
 j - a scroll of torment {unknown}
 k - 4 scrolls of amnesia {unknown}
 n - 2 scrolls of fog {unknown}
Potions
 a - a potion of magic
 c - 2 potions of heal wounds {unknown}
 g - a potion of cancellation {unknown}
 l - 2 potions of haste {unknown}
 m - 2 potions of degeneration {unknown}
 o - 2 potions of ambrosia {unknown}
 p - a potion of brilliance {unknown}


   Skills:
 - Level 2.0 Fighting
 + Level 4.6 Dodging
 + Level 4.8 Stealth
 - Level 2.0 Unarmed Combat
 + Level 3.1 Spellcasting
 - Level 4.2 Ice Magic
 + Level 1.0 Evocations
 + Level 0.5 Shapeshifting


You had 4 spell levels left.
You knew the following spells:

 Your Spells              Type           Power      Damage    Failure   Level
a - Freeze                Ice            84%        1d9       2%          1
b - Frozen Ramparts       Ice            42%        1d7       7%          3
c - Ozocubu's Armour      Ice            21%        N/A       7%          3

Your spell library contained the following spells:

 Spells                   Type           Power      Damage    Failure   Level
 Apportation              Tloc           6%         N/A       13%         1
 Summon Ice Beast         Ice/Summ       12%        N/A       16%         3
 Jinxbite                 Hex            6%         N/A       21%         2
 Alistair's Intoxication  Alch           2%         N/A       98%         5


Dungeon Overview and Level Annotations

Branches:
Dungeon (4/15)
 Temple: D:4-7

Altars:
Fedhas

Shops:
D:3 *

Annotations:
D:3 exclusion: oklob plant
D:4 Edmund


Innate Abilities, Weirdness & Mutations

You have sharp claws.
You have razor-sharp teeth.
You have supernaturally acute eyesight. (SInv)
You are covered in thick fur. (AC +2)
Your paws help you pounce on unaware monsters.
You are incapable of wielding weapons or throwing items.
You cannot wear armour.
You gain extra lives every three experience levels.


Message History

The mass of ice explodes!
The iceblast engulfs Edmund!
Edmund is severely wounded.
Attack: -) Teeth and claws
Press: ? - help, Dir - move target, f/p - Edmund
Aim: Edmund, wielding a +3 flail of protection and wearing a +0 leather armour (severely wounded, about 34% to evade your paws)
Okay, then.
Attack: -) Teeth and claws
Press: ? - help, Dir - move target, f/p - Edmund
Aim: Edmund, wielding a +3 flail of protection and wearing a +0 leather armour (severely wounded, about 34% to evade your paws)
Okay, then.
Casting: Freeze (safe; 2% risk of failure)
Confirm with . or Enter, or press ? or * to list all spells.
Aiming: Freeze (safe; 2% risk of failure)
Press: ? - help, Shift-Dir - straight line, f/p - Edmund
Aim: Edmund, wielding a +3 flail of protection and wearing a +0 leather armour (severely wounded)
You freeze Edmund.
Edmund is almost dead.
Edmund hits you with a +3 flail of protection!
Ouch! That really hurt!
Casting: Freeze (safe; 2% risk of failure)
Confirm with . or Enter, or press ? or * to list all spells.
Aiming: Freeze (safe; 2% risk of failure)
Press: ? - help, Shift-Dir - straight line, f/p - Edmund
Aim: Edmund, wielding a +3 flail of protection and wearing a +0 leather armour (almost dead)
You miscast Freeze.
You are very lightly contaminated with residual magic.
Nothing appears to happen.
Edmund hits you with a +3 flail of protection!
* * * LOW HITPOINT WARNING * * *
Unknown command.
Casting: Freeze (safe; 2% risk of failure)
Confirm with . or Enter, or press ? or * to list all spells.
Aiming: Freeze (safe; 2% risk of failure)
Press: ? - help, Shift-Dir - straight line, f/p - Edmund
Aim: Edmund, wielding a +3 flail of protection and wearing a +0 leather armour (almost dead)
You freeze Edmund!
Edmund is almost dead.
Edmund hits you with a +3 flail of protection!
You die...
Edmund whines, "They better pay attention to me now!"

###..# #.# #...## #.#
#.### ####.# #.# #....#
#.# #....# #.# #....#
##.# #....# ####..#
###########..
##....#######..@@.......#
#.............###########
###############


You could see Edmund.

Vanquished Creatures
  A centaur (D:4)
  A scorpion (D:4)
  2 bombardier beetles (D:4)
  An orc priest (D:3)
  An iguana (D:4)
  3 adders
  3 gnolls (D:3)
  2 ribbon worms
  A dart slug (D:1)
  5 orcs
  4 endoplasms
  2 giant cockroaches
  4 goblins (D:1)
  7 hobgoblins
  3 quokkas
  7 ball pythons
  8 bats
  A frilled lizard (D:1)
  5 kobolds
61 creatures vanquished.

Notes
Turn   | Place    | Note
-------+----------+-------------------------------------------
     0 | D:1      | ClF3Spritzer the Felid Ice Elementalist began the quest for
                  | the Orb.
     0 | D:1      | Reached XP level 1. HP: 9/9 MP: 4/4
   157 | D:1      | Reached XP level 2. HP: 13/13 MP: 3/6
   590 | D:1      | Found a faded altar of an unknown god.
   807 | D:2      | Reached XP level 3. HP: 6/17 MP: 7/7
  1583 | D:3      | Reached skill level 1 in Fighting
  1583 | D:3      | Reached skill level 1 in Unarmed Combat
  1583 | D:3      | Reached XP level 4. HP: 21/22 MP: 5/8
  1583 | D:3      | Gained a life (2 lives remaining)
  1770 | D:3      | Learned a level 3 spell: Frozen Ramparts
  1774 | D:3      | Learned a level 3 spell: Ozocubu's Armour
  1797 | D:3      | Slain by a gnoll
  1797 | D:3      | Lost a life (1 life remaining)
  1823 | D:3      | Found Egukaf's General Store.
  1888 | D:3      | Found a blossoming altar of Fedhas.
  1901 | D:3      | Noticed an oklob plant
  2045 | D:4      | Reached XP level 5. HP: 25/25 MP: 4/9
  2199 | D:4      | Noticed a centaur
  2219 | D:4      | Shot with an arrow by a centaur
  2219 | D:4      | Lost a life (0 lives remaining)
  2236 | D:4      | Killed a centaur
  2237 | D:4      | Gained mutation: You are covered in thick fur. (AC +2)
                  | [Felid growth]
  2237 | D:4      | Reached XP level 6. HP: 11/30 MP: 9/11
  2460 | D:4      | Reached skill level 1 in Evocations
  2523 | D:4      | Noticed Edmund
  2534 | D:4      | Slain by Edmund

Illustrated notes

Levels and vault maps discovered:
D:1:      minmay_arrival_arboretum_small, layout_loops_cross,
          chequers_ecumenical_altar_simple_redux
D:2:      layout_rooms
D:3:      layout_loops_ring, tgw_fedhas, serial_shops,
          nicolae_shop_window_shopping, grunt_ministairs_3
D:4:      layout_rooms, kennysheep_little_box, kennysheep_generic_room_16,
          uniq_grinder, uniq_edmund

Skill      XL: |  1  2  3  4  5  6 |
---------------+-------------------+-----
Ice Magic      | 4 |  4.2
Stealth        | 3 4 |  4.8
Dodging        | 3 4 |  4.6
Fighting       | 1 2 |  2.0
Unarmed Combat | 1 2 |  2.0
Spellcasting   | 3 |  3.1
Evocations     | 1 |  1.0
Shapeshifting  | |  0.5

Action                     |  1- 3 |  4- 6 || total
---------------------------+-------+-------++-------
  Melee: Unarmed           |    69 |    57 ||   126
         Bite              |    12 |     7 ||    19
         Punch             |       |     1 ||     1
   Cast: Freeze            |    36 |    32 ||    68
         Frozen Ramparts   |       |     2 ||     2
         Ozocubu's Armour  |       |     1 ||     1
  Evoke: Wand              |       |     5 ||     5
   Stab: Sleeping          |     5 |     2 ||     7
         Distracted        |     1 |       ||     1
 Armour: Skin              |    31 |    29 ||    60
  Dodge: Dodged            |    90 |    63 ||   153
         Form:             |     1 |       ||     1
         Blade             |     1 |       ||     1
